 Dungeon Crawl Stone Soup version 0.27-a0-1101-ge311f74bc8 (webtiles) character file.

Game seed: 14400167693254623269

2 Mgcat the Shield-Bearer (level 1, 0/16 HPs)
             Began as an Octopode Fighter on Apr 28, 2021.
             Slain by a kobold
             ... wielding a +0 dagger
              (2 damage)
             ... on level 1 of the Dungeon.
             The game lasted 00:00:13 (21 turns).

Mgcat the Shield-Bearer (Octopode Fighter)            Turns: 21, Time: 00:00:14

Health: 0/16       AC:  1    Str: 15    XL:     1   Next: 30%
Magic:  1/1        EV: 11    Int: 10    God:
Gold:   8          SH:  8    Dex: 11    Spells: 0/0 levels left

rFire    . . .     SeeInvis .   a - +0 war axe
rCold    . . .     Faith    .   b - +0 kite shield
rNeg     . . .     Spirit   .   (helmet restricted)
rPois    .         Reflect  .   (no amulet)
rElec    .         Harm     .   (no ring)
rCorr    .         Rampage  .   (no ring)
Will     .....                  (no ring)
Stlth    ++........             (no ring)
HPRegen  0.05/turn              (no ring)
MPRegen  0.07/turn              (no ring)
                                (no ring)
                                (no ring)

@: no status effects
A: almost no armour, amphibious, 8 rings, camouflage 1, gelatinous body 1,
(nimble swimmer 1), tentacles
a: no special abilities


You were on level 1 of the Dungeon.
You visited 1 branch of the dungeon, and saw 1 of its levels.

You collected 8 gold pieces.

Inventory:

Hand Weapons
 a - a +0 war axe (weapon)
Armour
 b - a +0 kite shield (worn)
Potions
 c - a potion of might


   Skills:
 + Level 3.0 Fighting
 * Level 2.0 Axes
 + Level 3.0 Dodging
 + Level 3.0 Shields


You couldn't memorise any spells.
You didn't know any spells.
Your spell library was empty.

Dungeon Overview and Level Annotations

Branches:
Dungeon (1/15)

Altars:


Innate Abilities, Weirdness & Mutations

You cannot wear most types of armour.
You are amphibious.
You can wear up to eight rings at the same time.
Your skin changes colour to match your surroundings (Stealth+).
Your rubbery body absorbs attacks. (AC +1, EV +1)
((You are camouflaged near water. (Stealth+)))
You have tentacles for arms and can constrict up to eight enemies at once.


Message History

Options error: Bad object type '%}\|' for autopickup. (~/.crawlrc:1972) Welcome, Mgcat the Octopode Fighter.
It is said that the Orb of Zot exists deep within this dungeon.
Press ? for a list of commands and other information.
Found 8 gold pieces.
Found an escape hatch in the floor.
Found a staircase leading out of the dungeon.
Lua error: attempt to yield across metamethod/C-call boundary Unknown command.
You swing at nothing.
Nothing quivered!
There is an escape hatch in the floor here.
You now have 8 gold pieces.
A ball python comes into view.
Spoiler Alert: The ball python (asleep) can constrict!
A ball python is nearby!
Lua error: [string "/dgldir/rcfiles/crawl-git/Mgcat.rc"]:930: invalid capture index A goblin comes into view.
It is wielding a +0 club.
The ball python hisses angrily.
Spoiler Alert: The ball python can constrict!
The goblin shouts!
A quokka comes into view.
The ball python barely misses you. The ball python grabs you.
The ball python constricts you.
You take 1 damage, and have 15/16 hp.
You slash the ball python!
You kill the ball python!
A bat comes into view.
A kobold comes into view. It is wielding a +0 dagger.
The goblin misses you.
You barely miss the goblin. Your grab misses the goblin.
Your squeeze misses the goblin.
Your shield prevents you from hitting the quokka.
You block the bat's attack. The bat barely misses you.
The quokka bites you but does no damage.
The goblin closely misses you. You block the bat's attack.
The quokka misses you. You block the goblin's attack.
Health restored: 16 You hit the goblin.
You grab the goblin.
The goblin is moderately wounded.
You barely miss the quokka. You miss the bat. You constrict the goblin.
The bat misses you. The bat hits you but does no damage.
You block the bat's attack. The quokka bites you.
The goblin hits you with a +0 club. You block the quokka's attack.
You take 5 damage, and have 11/16 hp.
MASSIVE DAMAGE!!
You are too injured to fight recklessly!
You are too injured to fight recklessly!
You are too injured to fight recklessly!
You are too injured to fight recklessly!
You closely miss the quokka. Your grab misses the quokka.
Your shield prevents you from hitting the goblin.
You closely miss the bat. You constrict the goblin.
You kill the goblin!
The bat closely misses you. The quokka bites you. x2
You take 5 damage, and have 6/16 hp.
MASSIVE DAMAGE!!
You closely miss the quokka. You grab the quokka. You hit the kobold.
Your shield prevents you from hitting the bat.
You constrict the quokka, but do no damage.
The bat hits you. x2
* * * LOW HITPOINT WARNING * * *
You block the kobold's attack. The quokka barely misses you.
The bat barely misses you. You block the kobold's attack. The quokka bites you.
* * * LOW HITPOINT WARNING * * *
You take 3 damage, and have 3/16 hp.
You hit the quokka.
The quokka is heavily wounded.
You barely miss the kobold. You barely miss the bat. You constrict the quokka.
You kill the quokka!
The bat hits you.
* * * LOW HITPOINT WARNING * * *
You block the bat's attack. The kobold hits you with a +0 dagger.
You die...

##.#.....#.
.!......... ..
...#...... ...
##.......# ....
.........##....
#............
+...K........ #####
#...b@†...... #...#
#.......#....
####.>.#####..........
#...............#.####
#.<........##...#..#
#.............### .#
############### #


You could see a bat and a kobold.

Vanquished Creatures
  A goblin (D:1)
  A quokka (D:1)
  A ball python (D:1)
3 creatures vanquished.

Notes
Turn   | Place    | Note
-------+----------+-------------------------------------------
     0 | D:1      | Mgcat the Octopode Fighter began the quest for the Orb.
     0 | D:1      | Reached XP level 1. HP: 16/16 MP: 1/1
    20 | D:1      | HP: 4/16 [bat (1)]
    21 | D:1      | Slain by a kobold

Illustrated notes

Levels and vault maps discovered:
D:1:      amcnicky_arrival_blooded_trapdoor, layout_basic, serial_shops,
          nicolae_shop_stone, shapermc_ecumenical_altar_venn,
          chequers_serial_rivers_micro_a, minmay_tromino_v4_a

Action                   || total
-------------------------++-------
Melee: War axe           ||     6
       Constrict         ||     2
Armor: Skin              ||     2
Dodge: Dodged            ||     9
Block: Kite shield       ||     8

Table legend: (Time is in decaauts)
 A = Elapsed time spent in this place.
 B = Non-inter-level travel time spent in this place.
 C = Inter-level travel time spent in this place.
 D = Time resting spent in this place.
 E = Time spent auto-exploring this place.
 F = Levels seen in this place.
 G = Mean time per level.
                   A        B        C        D        E       F      G
               +--------+--------+--------+--------+--------+-----+--------+
         Total |     24 |     24 |      0 |      0 |     10 |   1 |   24.0 |
       Dungeon |     24 |     24 |      0 |      0 |     10 |   1 |   24.0 |
               +--------+--------+--------+--------+--------+-----+--------+

Top non-repeatable levels by time:
     D:1: 24 daAuts

Table legend:
 A = Kills in this place as a percentage of kills in entire the game.
 B = Kills by you in this place as a percentage of kills by you in the entire game.
 C = Kills by friends in this place as a percentage of kills by friends in the entire game.
 D = Other kills in this place as a percentage of other kills in the entire game.
 E = Experience gained in this place as a percentage of experience gained in the entire game.
 F = Experience gained in this place divided by the number of levels of this place that you have seen.
                   A       B       C       D       E      F
               +-------+-------+-------+-------+-------+----------------------
         Total | 100.0 | 100.0 |   N/A |   N/A | 100.0 |   5.0
       Dungeon | 100.0 | 100.0 |   N/A |   N/A | 100.0 |   5.0
               +-------+-------+-------+-------+-------+----------------------
